 Dungeon Crawl Stone Soup version 0.29.1-15-g9cfb28693d (webtiles) character file.

Game seed: 291784992836232431

3702 fozzywoppz the Cleaver (level 9, -1/71 HPs)
             Began as a Demonspawn Fighter on Mar 12, 2023.
             Was a Priest of Okawaru.
             Slain by an orc warrior
             ... wielding a +0 great sword
              (15 damage)
             ... on level 8 of the Dungeon.
             The game lasted 00:17:13 (6259 turns).

fozzywoppz the Cleaver (Demonspawn Fighter)         Turns: 6259, Time: 00:17:14

Health: -1/71      AC: 11    Str: 21    XL:     9   Next: 91%
Magic:  9/9        EV:  8    Int: 10    God:    Okawaru [***...]
Gold:   385        SH:  5    Dex: 12    Spells: 8/8 levels left

rFire   . . .      SeeInvis +   a - +0 war axe
rCold   + . .      Faith    .   c - +0 buckler
rNeg    . . .      Spirit   .   h - +0 chain mail
rPois   .          Reflect  .   (helmet unavailable)
rElec   .          Harm     .   D - +1 cloak
rCorr   .          Rampage  .   (no gloves)
Will    +....                   (no boots)
Stlth   ..........              k - amulet of regeneration
HPRegen 1.01/turn               e - ring of protection from cold
MPRegen 0.11/turn               z - ring of willpower

@: mighty
A: antennae 3, foul stench 2
a: Renounce Religion, Heroism


You were on level 8 of the Dungeon.
You worshipped Okawaru.
Okawaru was most pleased with you.
You visited 2 branches of the dungeon, and saw 9 of its levels.
You also visited: Sewer.

You collected 385 gold pieces.

Inventory:

Hand Weapons
 a - a +0 war axe (weapon)
Missiles
 w - 4 silver boomerangs (quivered)
 E - a throwing net
Armour
 c - a +0 buckler (worn)
 h - a +0 chain mail (worn)
 A - a scarf of invisibility
 D - a +1 cloak (worn)
 F - +0 steam dragon scales
Jewellery
 e - a ring of protection from cold (left hand)
 k - an amulet of regeneration (around neck)
 z - a ring of willpower (right hand)
Wands
 f - a wand of charming (4)
 r - a wand of flame (36)
Scrolls
 l - 2 scrolls of noise
 n - a scroll of silence {unknown}
 o - a scroll of torment {unknown}
 p - 2 scrolls of teleportation
 q - a scroll of fog
 s - 2 scrolls of fear {unknown}
 v - a scroll of blinking
 y - a scroll of brand weapon {unknown}
 B - a scroll of magic mapping
 C - a scroll of enchant armour {unknown}
 H - a scroll of poison {unknown}
 I - a scroll of vulnerability {unknown}
 J - a scroll of amnesia {unknown}
Potions
 b - a potion of invisibility
 d - a potion of might
 g - a potion of ambrosia
 i - 3 potions of heal wounds
 j - a potion of berserk rage
 m - a potion of mutation {unknown}
 t - a potion of curing {unknown}
 u - 5 potions of attraction
 K - a potion of flight {unknown}


   Skills:
 + Level 6.9 Fighting
 + Level 10.2 Axes
 + Level 0.2 Throwing
 - Level 3.0 Armour
 + Level 4.1 Dodging
 + Level 0.8 Stealth
 + Level 4.7 Shields


You had 8 spell levels left.
You didn't know any spells.
Your spell library contained the following spells:

 Spells                   Type           Power      Damage    Failure   Level
 Ensorcelled Hibernation  Hex/Ice        0%         N/A       100%        2
 Spider Form              Tmut/Pois      0%         N/A       100%        3
 Stone Arrow              Conj/Erth      0%         3d7       100%        3
 Anguish                  Hex/Necr       0%         N/A       100%        4
 Lehudib's Crystal Spear  Conj/Erth      0%         10d2      100%        8
 Animate Armour           Summ/Erth      Unusable   N/A       N/A         4

Dungeon Overview and Level Annotations

Branches:
Dungeon (8/15)             Temple (1/1) D:5           Sewer (visited)
   Lair: D:8-11

Altars:
Ashenzari
Cheibriados
Dithmenos
Fedhas
Hepliaklqana
Kikubaaqudgha
Makhleb
Okawaru
Qazlal
Uskayaw
Vehumet
Wu Jian
Xom
Yredelemnul

Shops:
D:1 [   D:3 ([?

Annotations:
D:7 2 transporters, Jingleheimer's ghost, novice GrFi
D:8 Eustachio


Innate Abilities, Weirdness & Mutations

You have a pair of large antennae on your head. (SInv)
You sometimes emit foul miasma when damaged in melee.


Message History

You closely miss the steam dragon.
The steam dragon is moderately wounded.
You barely miss the orc warrior. You block the steam dragon's attack.
The steam dragon claws you but does no damage.
The orc warrior hits you with a +0 great sword!
Eustachio mumbles some strange words.
Eustachio blinks!
You feel very mighty all of a sudden. The steam dragon bites you.
The steam dragon claws you but does no damage.
The orc warrior completely misses you.
You slice the steam dragon!!
The steam dragon is almost dead.
You hit the orc warrior but do no damage.
The steam dragon bites you.
The steam dragon claws you but does no damage.
The orc warrior barely misses you.
Eustachio casts a spell.
You slash the steam dragon!
You kill the steam dragon!
Okawaru accepts your kill.
You closely miss the orc warrior.
The orc warrior hits you with a +0 great sword.
Eustachio mumbles some strange words.
Unknown command.
You barely miss the orc warrior. You closely miss the white imp.
The orc warrior hits you with a +0 great sword!
* * * LOW HITPOINT WARNING * * *
The white imp hits you but does no damage.
You slice the orc warrior!!
The orc warrior is almost dead.
You slash the white imp!
You kill the white imp!
The white imp disappears in a puff of smoke!
The orc warrior closely misses you.
You barely miss the orc warrior.
The orc warrior is almost dead.
You barely miss Eustachio. Eustachio completely misses you.
The orc warrior hits you with a +0 great sword!
You die...

#.# #.# ... #.# ...
#.# #.# #.# #.# #<#
#># #.# #ยง#
#.########.########.
#...........@@5.....
##########...or.....
########... .


You could see Eustachio, an orc warrior, a river rat (summoned) and an ufetubus
(summoned).

Vanquished Creatures
  Maggie (D:7)
  Joseph (D:7)
  A troll (D:7)
  A wyvern (D:7)
  A steam dragon (D:8)
  2 water moccasins
  An ice beast (D:6)
  A sky beast (D:7)
  2 black bears
  A centaur (D:7)
  4 ogres
  3 phantoms
  A kobold brigand (D:7)
  5 scorpions
  3 hounds (D:5)
  4 orc priests
  A gnoll bouda (D:5)
  Crazy Yiuf (D:4)
  7 jellies
  Terence (D:3)
  3 iguanas
  7 orc wizards
  5 gnolls (D:5)
  7 adders
  A river rat (D:3)
  A shadow imp (D:7)
  A white imp (D:5)
  An ufetubus (D:3)
  5 worms
  25 orcs
  18 bats
  13 endoplasms
  5 giant cockroaches
  6 goblins
  6 hobgoblins
  2 jackals (D:1)
  4 quokkas
  7 ball pythons
  A frilled lizard (D:1)
  8 kobolds
  2 rats (D:3)
170 creatures vanquished.

Vanquished Creatures (others)
  An orc warrior (D:6)
  An orc (D:6)
  6 plants (D:3)
8 creatures vanquished.

Grand Total: 178 creatures vanquished

Notes
Turn   | Place    | Note
-------+----------+-------------------------------------------
     0 | D:1      | fozzywoppz the Demonspawn Fighter began the quest for the
                  | Orb.
     0 | D:1      | Reached XP level 1. HP: 18/18 MP: 1/1
   398 | D:1      | Gained mutation: You may rarely emit foul miasma when
                  | damaged in melee. [demonic ancestry]
   398 | D:1      | Reached XP level 2. HP: 21/24 MP: 2/2
   695 | D:1      | Found Letugich's Armour Shoppe.
   700 | D:1      | Reached skill level 2 in Axes
  1235 | D:2      | Discovered your monstrous ancestry.
  1235 | D:2      | Gained mutation: You have a pair of small antennae on your
                  | head. [demonic ancestry]
  1235 | D:2      | Reached XP level 3. HP: 23/29 MP: 3/3
  1812 | D:3      | Found Hiycatte's Armour Shop.
  1824 | D:3      | Gained mutation: You have a pair of antennae on your head.
                  | [demonic ancestry]
  1824 | D:3      | Reached XP level 4. HP: 17/37 MP: 4/4
  1826 | D:3      | Found a glowing drain.
  1835 | D:3      | Reached skill level 1 in Dodging
  1866 | Sewer    | Entered a sewer
  1910 | Sewer    | Noticed a water moccasin
  1922 | Sewer    | Killed a water moccasin
  1923 | Sewer    | Reached skill level 3 in Axes
  1923 | Sewer    | Reached XP level 5. HP: 36/42 MP: 5/5
  2118 | D:3      | Found Rutobrie's Magic Scroll Shop.
  2120 | D:3      | Noticed Terence
  2138 | D:3      | Killed Terence
  2139 | D:3      | Reached skill level 4 in Axes
  2210 | D:3      | You fall into a shaft and drop 3 floors!
  2220 | D:5      | Entered Level 5 of the Dungeon
  2237 | D:5      | Gained mutation: You sometimes emit foul miasma when
                  | damaged in melee. [demonic ancestry]
  2237 | D:5      | Reached XP level 6. HP: 23/48 MP: 6/6
  2483 | D:5      | Reached skill level 5 in Axes
  2483 | D:5      | Gained mutation: You have a pair of large antennae on your
                  | head. (SInv) [demonic ancestry]
  2483 | D:5      | Reached XP level 7. HP: 49/55 MP: 7/7
  2587 | D:5      | Found a staircase to the Ecumenical Temple.
  2613 | D:5      | Found a radiant altar of Vehumet.
  2696 | Temple   | Entered the Ecumenical Temple
  3166 | D:6      | Reached skill level 5 in Fighting
  3166 | D:6      | Reached skill level 6 in Axes
  3230 | D:6      | Reached XP level 8. HP: 38/62 MP: 8/8
  3331 | D:6      | Found a hide-covered altar of Uskayaw.
  3949 | D:4      | Found an iron altar of Okawaru.
  3957 | D:4      | Became a worshipper of Warmaster Okawaru
  4092 | D:4      | Found a runed translucent door.
  4093 | D:4      | Noticed Crazy Yiuf
  4105 | D:4      | Killed Crazy Yiuf
  4106 | D:4      | Reached skill level 7 in Axes
  4540 | D:3      | Found Uskin's Weapon Shoppe.
  4950 | D:7      | Noticed Joseph
  4957 | D:7      | Noticed Maggie
  4977 | D:7      | Killed Joseph
  4977 | D:7      | Reached * piety under Okawaru
  4978 | D:7      | Reached skill level 8 in Axes
  4989 | D:7      | Killed Maggie
  4990 | D:7      | Reached XP level 9. HP: 10/69 MP: 9/9
  5198 | D:7      | Noticed a troll
  5202 | D:7      | Reached ** piety under Okawaru
  5227 | D:7      | Reached skill level 9 in Axes
  5231 | D:7      | Killed a troll
  5620 | D:7      | Reached *** piety under Okawaru
  5621 | D:7      | Reached skill level 10 in Axes
  5636 | D:7      | Noticed Jingleheimer's ghost (novice GrFi)
  5636 | D:7      | Identified the +6 great mace of the Lonely Artists {elec,
                  | rPois}
  5636 | D:7      | Noticed a two-headed ogre
  5637 | D:7      | Found a transporter.
  5641 | D:7      | Found a transporter.
  6248 | D:8      | Noticed Eustachio
  6259 | D:8      | Slain by an orc warrior

Illustrated notes

Levels and vault maps discovered:
D:1:      grunt_arrival_crossed_arrows, layout_loops_corners, serial_shops,
          nicolae_shop_temple_entry_statues_fountains
D:2:      layout_basic
D:3:      layout_basic, serial_shops, shop_statue,
          nicolae_shop_bloodbath_and_beyond, shop,
          cheibrodos_sewer_entry_sluice, chequers_serial_rivers_large_a,
          serial_bayou_lagoon_b, uniq_terence
D:4:      layout_cave_pools, okawaru_ov_weapons_minmay, serial_forest,
          infiniplex_forest_lined_1, infiniplex_forest_straight_2,
          infiniplex_forest_end_2, infiniplex_forest_zigzag_2,
          infiniplex_forest_corner_1, infiniplex_forest_lined_room_3,
          infiniplex_forest_lined_1, infiniplex_forest_lined_room_,
          uniq_crazy_yiuf_cottage
D:5:      layout_loops_cross, vehumet_altar_wand_db, temple_doors_e,
          hangedman_decor_peaks_small, nicolae_figureground_sparkle
D:6:      lemuel_ice_spiral_2, layout_rooms, overflow_temple_1_default,
          nicolae_elevator_lobby_plus
D:7:      minmay_general_purpose_star, layout_loops_corners,
          gammafunk_ghost_smash, uniq_joseph, uniq_maggie
D:8:      layout_loops_ring, bloody_trog, sword_in_stone, uniq_grum
Temple:   eino_temple_water

Skill      XL: |  1  2  3  4  5  6  7  8  9 |
---------------+----------------------------+-----
Axes           | 2 3 4 5 6 8 10 | 10.2
Armour         | 3 |  3.0
Dodging        | 1 2 3 4 |  4.1
Fighting       | 4 5 6 |  6.9
Shields        | 3 4 |  4.7
Throwing       | |  0.2
Stealth        | |  0.8

Action                   |  1- 3 |  4- 6 |  7- 9 || total
-------------------------+-------+-------+-------++-------
Melee: War axe           |   112 |   133 |   307 ||   552
Throw: Throwing net      |       |     1 |       ||     1
       Boomerang         |       |       |     1 ||     1
  Use: Scroll            |     4 |       |     8 ||    12
       Potion            |       |     2 |     6 ||     8
 Stab: Held in net/web   |       |     1 |       ||     1
Armor: Scale mail        |    66 |    86 |    49 ||   201
       Chain mail        |       |       |    53 ||    53
Dodge: Dodged            |    51 |    79 |   103 ||   233
Block: Buckler           |    31 |    33 |    67 ||   131
